 Dungeon Crawl Stone Soup version 0.23.2-33-g5129a83184 (webtiles) character file.

Game seed: 18179183448062059014

43660 Joat the Blocker (level 13, -3/106 HPs)
             Began as a Demonspawn Fighter on July 4, 2019.
             Was a High Priest of Ashenzari.
             Slain by a catoblepas (7 damage)
             ... while petrified by you
             ... on level 6 of the Lair of Beasts.
             The game lasted 01:23:37 (14093 turns).

Joat the Blocker (Demonspawn Fighter)              Turns: 14093, Time: 01:23:38

Health: -3/106     AC: 19    Str: 18    XL:     13   Next: 92%
Magic:  14/14      EV:  2    Int: 12    God:    Ashenzari [*****.]
Gold:   1126       SH:  0    Dex: 19    Spells: 13/14 levels left

rFire    . . .     SeeInvis +   H - +5 spear (freeze) (curse)
rCold    . . .     Gourm    .   c - +4 shield (curse)
rNeg     + + +     Faith    .   k - +1 leather armour of Death's Door {Dex+5} (curse)
rPois    ∞         Spirit   .   (helmet unavailable)
rElec    .         Reflect  .   I - scarf {repulsion}
rCorr    .         Harm     .   B - +0 pair of gloves
MR       .....     Clarity  +   l - +2 pair of boots (curse)
Stlth    +.........             h - amulet of regeneration (curse)
HPRegen  0.67/turn              g - +3 ring of protection
MPRegen  0.14/turn              D - +4 ring of protection

@: petrified, repel missiles
A: antennae 3, slimy green scales 1, spiny 3, rot immunity
a: Curse Item, Scrying, Transfer Knowledge, Renounce Religion


You were on level 6 of the Lair of Beasts.
You worshipped Ashenzari.
Ashenzari was extremely pleased with you.
You were not hungry.

You visited 2 branches of the dungeon, and saw 16 of its levels.
You also visited: Ossuary.

You collected 1126 gold pieces.

Inventory:

Hand Weapons
 a - a +0 war axe
 d - a +5 spear of venom
 v - a +3 dagger
 H - a cursed +5 spear of freezing (weapon)
 N - a +5 spear
Armour
 c - a cursed +4 shield (worn)
 k - the cursed +1 leather armour of Death's Door (worn) {Dex+5}
   (You found it on level 1 of the Lair of Beasts)

   It affects your dexterity (+5).
   It has a curse placed upon it.
 l - a cursed +2 pair of boots (worn)
 q - a +3 chain mail of poison resistance
 B - a +0 pair of gloves (worn)
 I - a scarf of repulsion (worn)
 U - the +3 ring mail "Tukuo" {rElec SInv Stlth-}
   (You found it on level 5 of the Lair of Beasts)

   It insulates you from electricity.
   It lets you see invisible.
   It makes you less stealthy.
Jewellery
 e - the ring of Fun {*Tele rC+ rN++}
   (You found it on level 4 of the Lair of Beasts)

   [ring of teleportation]

   It may teleport you next to monsters.
   It protects you from cold.
   It greatly protects you from negative energy.
 g - a +3 ring of protection (left hand)
 h - a cursed amulet of regeneration (around neck)
 u - a cursed ring of fire
 D - a +4 ring of protection (right hand)
 F - an uncursed ring of protection from magic
Wands
 E - a wand of iceblast (24)
 K - a wand of disintegration (24)
 L - a wand of flame (7)
 M - a wand of digging (11)
 P - a wand of enslavement (7)
 S - a wand of polymorph (4)
 V - a wand of acid (11)
Scrolls
 i - 9 scrolls of teleportation
 p - 5 scrolls of enchant weapon
 s - 2 scrolls of fear
 t - 8 scrolls of magic mapping
 y - 3 scrolls of fog {unknown}
 C - 3 scrolls of amnesia {unknown}
 J - 5 scrolls of immolation {unknown}
 R - a scroll of silence
 T - a scroll of blinking
Potions
 b - 2 potions of heal wounds
 m - 3 potions of resistance
 n - 3 potions of haste
 o - 2 potions of brilliance
 r - a potion of magic
 w - 10 potions of curing {unknown}
 x - 2 potions of lignification
 z - 3 potions of mutation
 A - a potion of flight
 G - 2 potions of cancellation
 O - 2 potions of berserk rage
 Q - a potion of invisibility
 X - a potion of agility
Miscellaneous
 W - a phantom mirror
Comestibles
 f - 30 rations
 j - 4 chunks of flesh


   Skills:
 * Level 11.4 Fighting
 - Level 1.7(5.6) Axes
 - Level 8.5(12.5) Polearms
 + Level 9.0 Armour
 + Level 8.9 Dodging
 - Level 13.0(15.3) Shields
 - Level 1.0 Spellcasting
 + Level 3.3 Hexes


You had 13 spell levels left.
You knew the following spells:

 Your Spells              Type           Power        Failure   Level  Hunger
C - Confusing Touch       Hex            #.....       9%          1    ##.....

Your spell library contained the following spells:

 Spells                   Type           Power        Failure   Level  Hunger
 Confuse                  Hex            #.......     26%         3    ####...
 Flame Tongue             Conj/Fire      #....        34%         1    ##.....
 Freeze                   Ice            #...         34%         1    ##.....
 Summon Small Mammal      Summ           #...         34%         1    ##.....
 Call Imp                 Summ           #.......     45%         2    ###....
 Throw Flame              Conj/Fire      #.....       45%         2    ###....
 Throw Frost              Conj/Ice       #.....       45%         2    ###....
 Inner Flame              Hex/Fire       #.......     45%         3    ####...
 Summon Guardian Golem    Hex/Summ       #.......     45%         3    ####...
 Call Canine Familiar     Summ           #.......     71%         3    ####...
 Conjure Flame            Conj/Fire      #.......     71%         3    ####...
 Gell's Gravitas          Tloc           #.........   71%         3    ####...
 Ozocubu's Armour         Chrm/Ice       #.......     71%         3    ####...
 Ice Form                 Ice/Tmut       #.......     98%         4    #####..
 Petrify                  Tmut/Erth      #.......     98%         4    #####..
 Sticky Flame             Conj/Fire      #.......     98%         4    #####..
 Summon Ice Beast         Ice/Summ       #.......     98%         4    #####..
 Summon Lightning Spire   Summ/Air       #.......     98%         4    #####..
 Throw Icicle             Conj/Ice       #.......     98%         4    #####..
 Metabolic Englaciation   Hex/Ice        #.........   99%         5    ######.
 Yara's Violent Unravell  Hex/Tmut       #.........   99%         5    ######.
 Fireball                 Conj/Fire      #.........   100%        5    ######.
 Bolt of Cold             Conj/Ice       #.........   100%        6    #######
 Freezing Cloud           Conj/Ice/Air   #.........   100%        6    #######
 Ozocubu's Refrigeration  Ice            #.........   100%        6    #######
 Simulacrum               Ice/Necr       #.........   100%        6    #######


Dungeon Overview and Level Annotations

Branches:
Dungeon (10/15)            Temple (0/1) D:7            Lair (6/6) D:8
  Swamp (0/4) Lair:2       Spider (0/4) Lair:3
  Slime: Lair:5-6       Orc: D:9-12

Altars:
Ashenzari
Dithmenos
Hepliaklqana
Nemelex Xobeh
Okawaru
Ru
Sif Muna
Uskayaw
Vehumet
Wu Jian
Xom
Yredelemnul


Innate Abilities, Weirdness & Mutations

You have a pair of large antennae on your head. (SInv)
You are partially covered in slimy green scales. (AC +2)
You are completely covered in sharp spines.
You are immune to rotting.


Message History

The catoblepas gores you!
* * * LOW HITPOINT WARNING * * *
The dream sheep bites you.
* * * LOW HITPOINT WARNING * * *
Some of the chunks of flesh in your inventory have rotted away.
The catoblepas is struck by your spines.
The catoblepas gores you but does no damage.
The dream sheep bites you but does no damage.
The catoblepas is struck by your spines.
The catoblepas gores you!!
* * * LOW HITPOINT WARNING * * *
The dream sheep bites you!
* * * LOW HITPOINT WARNING * * *
The catoblepas is struck by your spines.
The catoblepas gores you!!
* * * LOW HITPOINT WARNING * * *
The dream sheep bites you but does no damage.
The catoblepas is struck by your spines.
The catoblepas gores you!
You die...

.......## ##....., ,,
##..#
###.....###.....## *
, ,,#.## ........#
......{ ,,,,*###*
..#†#..P###P....#, *
, , *
..#...###.###... ,**,
* ,**, ,*
####.......#...### *
, *
##.....#...#....P#*,∆
,, * *,
##.........#..†YY#
∆∆∆ , , * ,*
##.....#####....@#
,∆,{, *
.####..........###
,{{{ * , , ##
#..P.....P..# {* * ,
, # #####.P.##### *
** * * ##### * ** * ,
, * , * *** ,* ,, ,,
, , , , , ,,, ,, , ,,
,, ,,,,, , , , , , ,
, , , ,, , *, , ,,,,


You could see a catoblepas and a dream sheep.

Vanquished Creatures
  4 hydras
  A catoblepas (Lair:4)
  5 death yaks
  Erica (D:8)
  2 two-headed ogres (D:10)
  Urug (Lair:3)
  2 unseen horrors (D:10)
  An orb spider (Lair:3)
  2 wolf spiders (Lair:6)
  An oklob plant (Lair:2)
  A manticore (Lair:6)
  A moth of wrath (Lair:5)
  13 elephants
  4 black mambas
  A gargoyle (D:10)
  3 rime drakes
  3 torpor snails
  7 spiny frogs
  5 komodo dragons
  A troll (D:9)
  14 tyrant leeches
  Grinder (D:4)
  Prince Ribbit (D:6)
  A hornet (D:9)
  3 blink frogs (Lair:2)
  9 hippogriffs
  25 yaks
  3 wyverns
  2 hungry ghosts
  4 basilisks
  6 vampire mosquitoes (Lair:2)
  2 swamp worms (Lair:5)
  12 water moccasins
  6 porcupines
  3 sky beasts
  A black bear (D:7)
  4 ice beasts
  4 ogres
  A phantom (D:7)
  5 wolves
  10 crocodiles
  8 centaurs
  A big kobold (D:10)
  The ghost of doot the Magician, an amateur DEWz (D:4)
  A gnoll sergeant (D:5)
  15 bullfrogs
  A wyvern zombie (D:7)
  15 scorpions
  11 killer bees
  10 wights (D:9)
  3 howler monkeys
  4 crimson imps
  A bullfrog zombie (D:6)
  2 quasits (D:7)
  2 centaur zombies
  3 hounds
  3 human zombies (Ossuary)
  A bullfrog skeleton (D:5)
  A centaur skeleton (D:5)
  A jelly (D:6)
  3 orc priests
  3 iguanas
  8 worker ants
  A hell rat (D:8)
  8 orc wizards
  A big kobold zombie (Ossuary)
  A hound zombie (D:10)
  2 hound skeletons
  3 mummies (Ossuary)
  2 worker ant zombies
  8 gnolls
  A howler monkey skeleton (D:4)
  15 adders
  2 scorpion zombies (Ossuary)
  4 oozes
  2 adder zombies
  An adder skeleton (D:7)
  2 worms
  A dart slug (D:1)
  3 leopard geckos
  28 orcs
  7 giant cockroaches
  5 goblins
  9 hobgoblins
  6 jackals
  11 kobolds
  9 quokkas
  4 ball pythons
  3 bats
  4 frilled lizards
  5 goblin zombies (Ossuary)
  2 hobgoblin zombies (Ossuary)
  2 kobold zombies (Ossuary)
  A leopard gecko zombie (D:8)
  5 orc zombies (Ossuary)
  3 quokka skeletons
  11 rats
  A plant (Lair:2)
447 creatures vanquished.

Vanquished Creatures (others)
  5 fungi
  7 plants
12 creatures vanquished.

Grand Total: 459 creatures vanquished

Notes
Turn   | Place    | Note
-------+----------+-------------------------------------------
     0 | D:1      | Joat the Demonspawn Fighter began the quest for the Orb.
     0 | D:1      | Reached XP level 1. HP: 18/18 MP: 1/1
   115 | D:1      | Reached skill level 3 in Shields
   127 | D:1      | Gained mutation: You are partially covered in sharp spines.
                  | [demonic ancestry]
   127 | D:1      | Reached XP level 2. HP: 21/24 MP: 2/2
   575 | D:1      | Reached XP level 3. HP: 29/29 MP: 3/3
  1088 | D:2      | Reached skill level 4 in Shields
  1134 | D:2      | Reached XP level 4. HP: 37/37 MP: 4/4
  1137 | D:2      | Found a shattered altar of Ashenzari.
  1144 | D:2      | Found a deep blue altar of Sif Muna.
  1178 | D:2      | Became a worshipper of Ashenzari the Shackled
  1596 | D:3      | Gained mutation: You are partially covered in slimy green
                  | scales. (AC +2) [demonic ancestry]
  1596 | D:3      | Reached XP level 5. HP: 42/42 MP: 5/5
  1956 | D:4      | Found a shimmering altar of Xom.
  2066 | D:4      | Reached skill level 5 in Shields
  2101 | D:4      | Reached XP level 6. HP: 49/49 MP: 6/6
  2102 | D:4      | Reached skill level 1 in Dodging
  2147 | D:4      | Found a shadowy altar of Dithmenos.
  2147 | D:4      | Noticed Grinder
  2172 | D:4      | Paralysed by Grinder for 6 turns
  2182 | D:4      | Paralysed by Grinder for 4 turns
  2189 | D:4      | Killed Grinder
  2292 | D:4      | Found a runed translucent door.
  2296 | D:4      | Noticed doot's ghost (amateur DEWz)
  2320 | D:4      | Killed doot's ghost
  2320 | D:4      | Reached XP level 7. HP: 55/55 MP: 7/7
  2370 | D:4      | Reached skill level 5 in Fighting
  2370 | D:4      | Reached skill level 6 in Shields
  2476 | D:4      | Reached * piety under Ashenzari
  2601 | D:5      | Entered Level 5 of the Dungeon
  2791 | D:5      | Found a hide-covered altar of Uskayaw.
  2841 | D:5      | Gained mutation: You have a pair of small antennae on your
                  | head. [demonic ancestry]
  2841 | D:5      | Reached XP level 8. HP: 62/62 MP: 8/8
  2846 | D:5      | fuck
  3196 | D:5      | Reached skill level 7 in Shields
  3399 | D:6      | Found an iron altar of Okawaru.
  3399 | D:6      | Noticed Prince Ribbit
  3429 | D:6      | Killed Prince Ribbit
  3794 | D:7      | Found a staircase to the Ecumenical Temple.
  3879 | D:7      | Found a sand-covered staircase.
  3911 | D:7      | Reached skill level 5 in Armour
  3915 | D:7      | Gained mutation: You are mostly covered in sharp spines.
                  | [demonic ancestry]
  3915 | D:7      | Reached XP level 9. HP: 69/69 MP: 9/9
  3933 | D:7      | Reached skill level 8 in Shields
  4099 | Ossuary  | Entered an ossuary
  4361 | Ossuary  | Reached skill level 9 in Shields
  4799 | D:7      | Gained mutation: You are completely covered in sharp
                  | spines. [demonic ancestry]
  4799 | D:7      | Reached XP level 10. HP: 79/79 MP: 10/10
  5076 | D:8      | Noticed Erica
  5085 | D:8      | Killed Erica
  5111 | D:8      | Reached skill level 10 in Shields
  5113 | D:8      | Noticed a death yak
  5113 | D:8      | Noticed a death yak
  5114 | D:8      | Found a staircase to the Lair.
  5115 | D:8      | Noticed a death yak
  5172 | D:7      | Killed a death yak
  5175 | D:7      | Killed a death yak
  5272 | D:7      | Killed a death yak
  5272 | D:7      | Reached skill level 11 in Shields
  5385 | D:8      | Reached ** piety under Ashenzari
  5878 | D:9      | Gained mutation: You are immune to rotting. [demonic
                  | ancestry]
  5878 | D:9      | Reached XP level 11. HP: 86/86 MP: 11/11
  6087 | D:9      | Reached skill level 1 in Polearms
  6256 | D:9      | Reached skill level 12 in Shields
  6382 | D:9      | Found a sparkling altar of Nemelex Xobeh.
  6656 | D:9      | Found a sacrificial altar of Ru.
  6740 | D:9      | Found a radiant altar of Vehumet.
  6746 | D:9      | Found a basalt altar of Yredelemnul.
  6786 | D:10     | Entered Level 10 of the Dungeon
  6948 | D:10     | Reached *** piety under Ashenzari
  7014 | D:10     | Noticed an unseen horror
  7025 | D:10     | Killed an unseen horror
  7079 | D:10     | Noticed a two-headed ogre
  7093 | D:10     | Killed a two-headed ogre
  7162 | D:10     | Noticed an unseen horror
  7163 | D:10     | Noticed a two-headed ogre
  7176 | D:10     | Killed a two-headed ogre
  7183 | D:10     | Killed an unseen horror
  7183 | D:10     | Reached skill level 5 in Polearms
  7962 | Lair:1   | Entered Level 1 of the Lair of Beasts
  8205 | Lair:1   | Reached skill level 13 in Shields
  8231 | Lair:1   | Got the cursed leather armour of Death's Door {Dex+5}
  8242 | Lair:1   | Identified the cursed +1 leather armour of Death's Door
                  | {Dex+5} (You found it on level 1 of the Lair of Beasts)
  8343 | Lair:1   | Noticed an eight-headed hydra
  8357 | Lair:1   | Killed an eight-headed hydra
  8357 | Lair:1   | Gained mutation: You have a pair of antennae on your head.
                  | [demonic ancestry]
  8357 | Lair:1   | Reached XP level 12. HP: 70/92 MP: 12/12
  8791 | Lair:2   | Reached skill level 5 in Dodging
  8861 | Lair:2   | Reached **** piety under Ashenzari
  9403 | Lair:2   | Found a staircase to the Swamp.
  9627 | Lair:3   | Noticed a four-headed hydra
  9652 | Lair:3   | Killed a four-headed hydra
  9681 | Lair:3   | Found a hole to the Spider Nest.
  9791 | Lair:3   | Noticed Urug
  9809 | Lair:3   | Killed Urug
  9860 | Lair:3   | Found a hazy altar of Hepliaklqana.
 10355 | Lair:4   | Identified the ring of Fun {*Tele rC+ rN++}
 10365 | Lair:4   | Reached ***** piety under Ashenzari
 10462 | Lair:4   | Found an ornate altar of the Wu Jian Council.
 10587 | Lair:4   | Noticed a catoblepas
 10615 | Lair:4   | Killed a catoblepas
 11413 | Lair:5   | Gained mutation: You have a pair of large antennae on your
                  | head. (SInv) [demonic ancestry]
 11413 | Lair:5   | Reached XP level 13. HP: 101/101 MP: 13/13
 12185 | Lair:5   | Reached skill level 10 in Fighting
 12301 | Lair:5   | Identified the +3 ring mail "Tukuo" {rElec SInv Stlth-}
 12411 | Lair:5   | Learned a level 1 spell: Confusing Touch
 12809 | Lair:5   | Reached skill level 1 in Hexes
 13059 | Lair:6   | Entered Level 6 of the Lair of Beasts
 13069 | Lair:6   | Reached skill level 1 in Spellcasting
 14092 | Lair:6   | HP: 4/106 [catoblepas (10)]
 14093 | Lair:6   | Slain by a catoblepas

Skill      XL: |  1  2  3  4  5  6  7  8  9 10 11 12 13 |
---------------+----------------------------------------+-----
Shields        | 3 4 5 6 7 9 11 13 | 13.0
Fighting       | 4 5 6 7 8 9 11 | 11.4
Armour         | 3 4 5 6 7 9 |  9.0
Dodging        | 1 2 4 7 8 |  8.9
Polearms       | 6 8 |  8.5
Hexes          | 3 |  3.3
Spellcasting   | 1 |  1.0
Axes           | |  1.7

Action                   |  1- 3 |  4- 6 |  7- 9 | 10-12 | 13-15 || total
-------------------------+-------+-------+-------+-------+-------++-------
Melee: War axe           |    57 |   117 |       |       |       ||   174
       Dagger            |       |    46 |   124 |       |       ||   170
       Spear             |       |       |   323 |  1007 |   802 ||  2132
Invok: Curse Item        |       |     1 |     2 |       |       ||     3
       Scrying           |       |       |     2 |     1 |     1 ||     4
Evoke: Wand              |       |       |       |     9 |     5 ||    14
  Use: Scroll            |       |     5 |     5 |    10 |     3 ||    23
       Potion            |       |       |     1 |     5 |       ||     6
 Stab: Confused          |       |       |       |     2 |       ||     2
       Sleeping          |       |       |       |     3 |       ||     3
       Petrified         |       |       |       |       |    14 ||    14
  Eat: Chunk             |     1 |     4 |     7 |    23 |    10 ||    45
       Ration            |       |       |     1 |       |       ||     1
Armor: Scale mail        |    12 |       |       |       |       ||    12
       Chain mail        |    17 |    95 |   180 |   128 |       ||   420
       Leather armour    |       |       |       |    39 |   106 ||   145
Dodge: Dodged            |    18 |    38 |    85 |   165 |   177 ||   483
       Deflected         |       |       |       |    11 |       ||    11
Block: Shield            |    23 |    85 |   254 |   457 |   385 ||  1204
